FCL
FCL ST. LOUIS CARDINALS @ FCL WASHINGTON NATIONALS
04/20/2042
 
TOP OF THE 1ST
FCL St. Louis Cardinals batting - Pitching for FCL Washington Nationals : RHP Jim Unknown
Pitching: RHP Jim Unknown
Batting: SHB Dan Carter 0-0: Called Strike
0-1: SOLO HOME RUN (Flyball, 7LD, EV 93.8 MPH), Distance : 351 ft
Batting: RHB Isaac Dean 0-0: Called Strike
0-1: Ball
1-1: Foul Ball, location: 9LSF
1-2: Foul Ball, location: 2F
1-2: Foul Ball, location: 9LSFF
1-2: Ball
2-2: Foul Ball, location: 3SF
2-2: Foul Ball, location: 3FF
2-2: Foul Ball, location: 5F
2-2: Strikes out swinging
Batting: RHB Dane Thomas 0-0: Called Strike
0-1: Ball
1-1: Ball
2-1: Foul Ball, location: 2RF
2-2: Strikes out swinging
Batting: SHB Jeff Fullerton 0-0: Called Strike
0-1: Called Strike
0-2: Ball
1-2: Strikes out swinging
Top of the 1st over - 1 run, 1 hit, 0 errors, 0 left on base; FCL St. Louis 1 - FCL Washington 0
BOTTOM OF THE 1ST
FCL Washington Nationals batting - Pitching for FCL St. Louis Cardinals : LHP Darryl Dundee
Pitching: LHP Darryl Dundee
Batting: RHB Doug Middleton 0-0: Ball
1-0: Ball
2-0: Ball
3-0: Base on Balls
Batting: RHB Derek Thomas 0-0: Foul Ball, location: 5F
0-1: Called Strike
0-2: Strikes out swinging
Batting: RHB Jeremy Murphy 0-0: Ball
1-0: Ball
2-0: Grounds into double play, 4-6-3 (Groundball, 4, EV 81.3 MPH)
Bottom of the 1st over - 0 runs, 0 hits, 0 errors, 0 left on base; FCL St. Louis 1 - FCL Washington 0
TOP OF THE 2ND
FCL St. Louis Cardinals batting - Pitching for FCL Washington Nationals : RHP Jim Unknown
Batting: RHB Raúl Mendoza 0-0: Ball
1-0: Ball
2-0: Ground out 5-3 (Groundball, 5, EV 89.4 MPH)
Batting: LHB Pete Bullock 0-0: Called Strike
0-1: Ground out 6-3 (Groundball, 6, EV 88.8 MPH)
Batting: RHB Dave Muller 0-0: Ball
1-0: Ball
2-0: Ball
3-0: Called Strike
3-1: Bunt for hit to 13S - play at first, batter safe!
Batting: SHB Tim Chapman 0-0: Ball
1-0: Called Strike
1-1: Ball
2-1: Ground out 4-3 (Groundball, 4D, EV 103.1 MPH)
Top of the 2nd over - 0 runs, 1 hit, 0 errors, 1 left on base; FCL St. Louis 1 - FCL Washington 0
BOTTOM OF THE 2ND
FCL Washington Nationals batting - Pitching for FCL St. Louis Cardinals : LHP Darryl Dundee
Batting: RHB Mike Coleman 0-0: Foul Ball, location: 9LSF
0-1: Fly out, F7 (Flyball, 7LS, EV 88.8 MPH)
Batting: RHB Héctor Navarro 0-0: Ball
1-0: Called Strike
1-1: Swinging Strike
1-2: Ball
2-2: Ball
3-2: Strikes out looking
Batting: RHB Chris McKee 0-0: Called Strike
0-1: Fly out, F9 (Flyball, 9LD, EV 93.8 MPH)
Bottom of the 2nd over - 0 runs, 0 hits, 0 errors, 0 left on base; FCL St. Louis 1 - FCL Washington 0
TOP OF THE 3RD
FCL St. Louis Cardinals batting - Pitching for FCL Washington Nationals : RHP Jim Unknown
Batting: LHB Mel Peterson 0-0: SINGLE (Line Drive, 78M, EV 105.6 MPH)
Batting: SHB Dan Carter 0-0: Ball
1-0: Ball
2-0: Called Strike
2-1: Ball
3-1: Base on Balls
Mel Peterson to second
Batting: RHB Isaac Dean 0-0: Sac Bunt to 23 - play at first, batter OUT! 3-4
Mel Peterson to third
Dan Carter to second
Batting: RHB Dane Thomas 0-0: Called Strike
0-1: TRIPLE (Line Drive, 89XD, EV 101.9 MPH)
Mel Peterson scores
Dan Carter scores
Batting: SHB Jeff Fullerton 0-0: Ball
1-0: Ball
2-0: Called Strike
2-1: Swinging Strike
2-2: SINGLE (Groundball, 34D, EV 108.8 MPH) (infield hit)
Dane Thomas scores
Batting: RHB Raúl Mendoza 0-0: Called Strike
0-1: Ball
1-1: Called Strike
1-2: Foul Ball, location: 2F
1-2: SINGLE (Groundball, 34D, EV 105.0 MPH)
Jeff Fullerton to second
Runner from 2nd tries for 3rd, SAFE, throw by RF made to third
Batting: LHB Pete Bullock 0-0: Called Strike
0-1: Swinging Strike
0-2: Hit by Pitch
Raúl Mendoza to second
Batting: RHB Dave Muller 0-0: Foul Ball, location: 9LMF
0-1: Ball
1-1: Ball
2-1: Foul Ball, location: 5FF
2-2: SINGLE (Groundball, 4D, EV 97.5 MPH)
Jeff Fullerton scores
Raúl Mendoza to third
Pete Bullock to second
Pitching: RHP Jim Unknown
Batting: SHB Tim Chapman 0-0: Ball
1-0: Swinging Strike
1-1: Called Strike
1-2: Foul Ball, location: 7LSF
1-2: Ball
2-2: Strikes out swinging
Batting: LHB Mel Peterson 0-0: Called Strike
0-1: Foul Ball, location: 7LSF
0-2: Ball
1-2: Foul Ball, location: 7LMF
1-2: Strikes out swinging
Top of the 3rd over - 4 runs, 5 hits, 0 errors, 3 left on base; FCL St. Louis 5 - FCL Washington 0
BOTTOM OF THE 3RD
FCL Washington Nationals batting - Pitching for FCL St. Louis Cardinals : LHP Darryl Dundee
Batting: RHB Jim Unknown 0-0: Called Strike
0-1: Called Strike
0-2: Fly out, F9 (Flyball, 89M, EV 85.0 MPH)
Batting: RHB Jim Unknown 0-0: Ball
1-0: Ground out 6-3 (Groundball, 6, EV 87.5 MPH)
Batting: SHB Jim Unknown 0-0: Ground out 6-3 (Groundball, 6, EV 87.5 MPH)
Bottom of the 3rd over - 0 runs, 0 hits, 0 errors, 0 left on base; FCL St. Louis 5 - FCL Washington 0
TOP OF THE 4TH
FCL St. Louis Cardinals batting - Pitching for FCL Washington Nationals : RHP Jim Unknown
Batting: SHB Dan Carter 0-0: Ball
1-0: Called Strike
1-1: Ball
2-1: Ground out U3 (Groundball, 13, EV 91.9 MPH)
Batting: RHB Isaac Dean 0-0: Ball
1-0: Called Strike
1-1: Ball
2-1: Ball
3-1: Base on Balls
Batting: RHB Dane Thomas 0-0: Called Strike
0-1: DOUBLE (Flyball, 8RXD, EV 106.3 MPH)
Isaac Dean to third
Runner from 3rd tries for Home, SAFE, no throw by CF
Batting: SHB Jeff Fullerton 0-0: Called Strike
0-1: Ball
1-1: Called Strike
1-2: Strikes out swinging
Batting: RHB Raúl Mendoza 0-0: Swinging Strike
0-1: Ball
1-1: Swinging Strike
1-2: Ball
2-2: Ball
3-2: Strikes out swinging
Top of the 4th over - 1 run, 1 hit, 0 errors, 1 left on base; FCL St. Louis 6 - FCL Washington 0
BOTTOM OF THE 4TH
FCL Washington Nationals batting - Pitching for FCL St. Louis Cardinals : LHP Darryl Dundee
Batting: RHB Doug Middleton 0-0: Foul Ball, location: 2F
0-1: Ball
1-1: Foul Ball, location: 9LDF
1-2: Ball
2-2: Ball
3-2: Strikes out swinging
Batting: RHB Derek Thomas 0-0: Called Strike
0-1: Foul Ball, location: 5SF
0-2: Ball
1-2: Strikes out swinging
Batting: RHB Jeremy Murphy 0-0: Ball
1-0: Swinging Strike
1-1: Ball
2-1: Ball
3-1: Foul Ball, location: 9LSF
3-2: Fly out, F6 (Popup, P, EV 73.8 MPH)
Bottom of the 4th over - 0 runs, 0 hits, 0 errors, 0 left on base; FCL St. Louis 6 - FCL Washington 0
TOP OF THE 5TH
FCL St. Louis Cardinals batting - Pitching for FCL Washington Nationals : RHP Jim Unknown
Batting: LHB Pete Bullock 0-0: Called Strike
0-1: Ball
1-1: SINGLE (Groundball, 34D, EV 104.4 MPH)
Batting: RHB Dave Muller 0-0: Called Strike
0-1: Called Strike
0-2: Strikes out swinging
Batting: SHB Tim Chapman 0-0: Swinging Strike
0-1: Ball
Wild Pitch!
Pete Bullock to second
1-1: Ball
2-1: Swinging Strike
2-2: Foul Ball, location: 2F
2-2: Foul Ball, location: 25F
2-2: Ball
3-2: Strikes out looking
Batting: LHB Mel Peterson 0-0: Called Strike
0-1: Ball
1-1: Ground out U3 (Groundball, 34, EV 88.8 MPH)
Top of the 5th over - 0 runs, 1 hit, 0 errors, 1 left on base; FCL St. Louis 6 - FCL Washington 0
BOTTOM OF THE 5TH
FCL Washington Nationals batting - Pitching for FCL St. Louis Cardinals : LHP Darryl Dundee
Batting: RHB Mike Coleman 0-0: Called Strike
0-1: Called Strike
0-2: Ball
1-2: Strikes out swinging, 2-3 out at first.
Batting: RHB Héctor Navarro 0-0: Ball
1-0: Foul Ball, location: 9LDF
1-1: Swinging Strike
1-2: Foul Ball, location: 2F
1-2: Ball
2-2: Strikes out looking
Batting: RHB Chris McKee 0-0: Ball
1-0: Ball
2-0: Ground out 6-3 (Groundball, 56, EV 86.3 MPH)
Bottom of the 5th over - 0 runs, 0 hits, 0 errors, 0 left on base; FCL St. Louis 6 - FCL Washington 0
TOP OF THE 6TH
FCL St. Louis Cardinals batting - Pitching for FCL Washington Nationals : RHP Jim Unknown
Batting: SHB Dan Carter 0-0: Ball
1-0: Ball
2-0: Called Strike
2-1: Reached on error, E2 (Groundball, 2R, EV 69.4 MPH)
Pitching: LHP Jim Unknown
Batting: RHB Isaac Dean 0-0: Ball
1-0: Called Strike
Dan Carter steals 3rd base
1-1: Ball
2-1: Called Strike
2-2: SINGLE (Groundball, 6, EV 81.9 MPH)
Dan Carter scores
Batting: RHB Dane Thomas 0-0: Ball
1-0: Ball
2-0: Ball
3-0: Called Strike
3-1: Foul Ball, location: 2F
3-2: Fly out, F4 (Popup, 3S, EV 82.5 MPH)
Batting: SHB Jeff Fullerton 0-0: Ball
1-0: Called Strike
1-1: Called Strike
1-2: Ball
2-2: Strikes out swinging
Batting: RHB Raúl Mendoza 0-0: Called Strike
0-1: Ball
1-1: Foul Ball, location: 2F
1-2: Ball
2-2: Ball
3-2: Foul Ball, location: 23F
3-2: Ground out 4-3 (Groundball, 4, EV 78.1 MPH)
Top of the 6th over - 1 run, 1 hit, 1 error, 1 left on base; FCL St. Louis 7 - FCL Washington 0
BOTTOM OF THE 6TH
FCL Washington Nationals batting - Pitching for FCL St. Louis Cardinals : LHP Darryl Dundee
Batting: RHB Jim Unknown 0-0: Fly out, F5 (Popup, 56S, EV 81.3 MPH)
Batting: RHB Jim Unknown 0-0: Foul Ball, location: 23F
0-1: Fly out, F9 (Flyball, 9S, EV 96.9 MPH)
Batting: SHB Jim Unknown 0-0: SINGLE (Groundball, 34D, EV 100.0 MPH)
Batting: RHB Doug Middleton 0-0: Ball
1-0: Called Strike
1-1: Ground out 5-3 (Groundball, 56S, EV 76.9 MPH)
Bottom of the 6th over - 0 runs, 1 hit, 0 errors, 1 left on base; FCL St. Louis 7 - FCL Washington 0
TOP OF THE 7TH
FCL St. Louis Cardinals batting - Pitching for FCL Washington Nationals : LHP Jim Unknown
Batting: LHB Pete Bullock 0-0: Called Strike
0-1: Swinging Strike
0-2: Foul Ball, location: 25F
0-2: Strikes out swinging
Batting: RHB Dave Muller 0-0: Swinging Strike
0-1: Swinging Strike
0-2: Strikes out swinging
Batting: SHB Tim Chapman 0-0: Called Strike
0-1: Foul Ball, location: 9LSF
0-2: Ball
1-2: Ball
2-2: Ball
3-2: Foul Ball, location: 2F
3-2: Foul Ball, location: 2F
3-2: Base on Balls
Batting: LHB Mel Peterson 0-0: Called Strike
0-1: Fly out, F8 (Flyball, 8LD, EV 86.9 MPH)
Top of the 7th over - 0 runs, 0 hits, 0 errors, 1 left on base; FCL St. Louis 7 - FCL Washington 0
BOTTOM OF THE 7TH
FCL Washington Nationals batting - Pitching for FCL St. Louis Cardinals : LHP Darryl Dundee
Batting: RHB Derek Thomas 0-0: Called Strike
0-1: Fly out, F7 (Flyball, 7, EV 85.6 MPH)
Pinch Hitting: LHB Jim Unknown 0-0: Called Strike
0-1: Called Strike
0-2: Fly out, F8 (Line Drive, 8RM, EV 90.6 MPH)
Pinch Hitting: RHB Jim Unknown 0-0: Ball
1-0: Ball
2-0: Ball
3-0: Called Strike
3-1: Called Strike
3-2: Fly out, F7 (Flyball, 7D, EV 106.9 MPH)
Bottom of the 7th over - 0 runs, 0 hits, 0 errors, 0 left on base; FCL St. Louis 7 - FCL Washington 0
TOP OF THE 8TH
FCL St. Louis Cardinals batting - Pitching for FCL Washington Nationals : LHP Jim Unknown
Now at 1B: Jim Unknown
Now in RF: Jim Unknown
Batting: SHB Dan Carter 0-0: Ball
1-0: Ball
2-0: Foul Ball, location: 25F
2-1: Ball
3-1: Foul Ball, location: 9LMF
3-2: Strikes out swinging
Batting: RHB Isaac Dean 0-0: Fly out, F8 (Flyball, 8LD, EV 99.4 MPH)
Pinch Hitting: RHB Jon Reed 0-0: Called Strike
0-1: Ground out 1-3 (Groundball, 34S, EV 76.9 MPH)
Top of the 8th over - 0 runs, 0 hits, 0 errors, 0 left on base; FCL St. Louis 7 - FCL Washington 0
BOTTOM OF THE 8TH
FCL Washington Nationals batting - Pitching for FCL St. Louis Cardinals : LHP Darryl Dundee
Now at SS: Jon Reed
Batting: RHB Héctor Navarro 0-0: Foul Ball, location: 3SF
0-1: Ball
1-1: DOUBLE (Groundball, 5L, EV 108.1 MPH)
Pinch Hitting: RHB Jim Unknown 0-0: Called Strike
0-1: Ground out 6-3 (Groundball, 6, EV 104.4 MPH)
Batting: RHB Jim Unknown 0-0: Called Strike
0-1: Ball
1-1: Foul Ball, location: 9LSF
1-2: Ball
2-2: Foul Ball, location: 5DF
2-2: Strikes out swinging
Batting: RHB Jim Unknown 0-0: Ball
1-0: Swinging Strike
1-1: Called Strike
1-2: Strikes out swinging
Bottom of the 8th over - 0 runs, 1 hit, 0 errors, 1 left on base; FCL St. Louis 7 - FCL Washington 0
TOP OF THE 9TH
FCL St. Louis Cardinals batting - Pitching for FCL Washington Nationals : LHP Jim Unknown
Now in LF: Jim Unknown
Batting: SHB Jeff Fullerton 0-0: Ball
1-0: Called Strike
1-1: Swinging Strike
1-2: Strikes out looking
Pinch Hitting: RHB Lúcio Navarro 0-0: Ball
1-0: Swinging Strike
1-1: Ball
2-1: Foul Ball, location: 3F
2-2: Ball
3-2: Foul Ball, location: 25F
3-2: Foul Ball, location: 5F
3-2: Base on Balls
Pitching: RHP Jim Unknown
Batting: LHB Pete Bullock 0-0: Called Strike
0-1: Fly out, F8 (Flyball, 8LD, EV 85.0 MPH)
Batting: RHB Dave Muller 0-0: Ball
1-0: Called Strike
1-1: Ball
2-1: Ball
3-1: Base on Balls
Lúcio Navarro to second
Pinch Hitting: RHB Gil Robert 0-0: Ball
1-0: Called Strike
1-1: Swinging Strike
1-2: Strikes out looking
Top of the 9th over - 0 runs, 0 hits, 0 errors, 2 left on base; FCL St. Louis 7 - FCL Washington 0
BOTTOM OF THE 9TH
FCL Washington Nationals batting - Pitching for FCL St. Louis Cardinals : LHP Darryl Dundee
Now at C: Lúcio Navarro
Now in LF: Don Webb
Batting: SHB Jim Unknown 0-0: Ball
1-0: Ball
2-0: Ball
3-0: Foul Ball, location: 9LMF
3-1: Foul Ball, location: 9LDF
3-2: Base on Balls
Pinch Hitting: RHB Dax Milburn 0-0: Called Strike
0-1: 2-RUN HOME RUN (Flyball, 7D, EV 96.9 MPH), Distance : 380 ft
Batting: RHB Leon Banks 0-0: Ball
1-0: Ball
2-0: Swinging Strike
2-1: Fly out, F8 (Flyball, 8RD, EV 97.5 MPH)
Pinch Hitting: RHB Jim Unknown 0-0: Ball
1-0: Ball
2-0: Fly out, F7 (Flyball, 78M, EV 95.0 MPH)
Batting: RHB Jim Unknown 0-0: Ball
1-0: Ball
2-0: SINGLE (Groundball, 56, EV 85.6 MPH)
Pitching: RHP Jerry Williams
Pinch Hitting: RHB Jim Unknown 0-0: Fielders Choice at 2nd, U6 (Groundball, 6M, EV 82.5 MPH)
Bottom of the 9th over - 2 runs, 2 hits, 0 errors, 1 left on base; FCL St. Louis 7 - FCL Washington 2
Wednesday, May 1st , 2024 - OOTP Baseball 24.10 Build 82